 Dungeon Sprint DCSS version 0.18.1-48-g4cf74bf (console) character file.

510 Homage the Blocker (level 6, -3/59 HPs)
             Began as a Troll Fighter on Aug 16, 2016.
             Was an Initiate of Makhleb.
             Slain by a hill giant
             ... wielding a +0 giant club
              (21 damage)
             ... in the Dungeon (Sprint IX: "|||||||||||||||||||||||||||||").
             The game lasted 00:03:45 (229 turns).

Homage the Blocker (Troll Fighter)                   Turns: 229, Time: 00:03:45

Health: -3/59      AC: 12    Str: 25    XL:     6   Next: 98%
Magic:  5/5        EV: 10    Int:  4    God:    Makhleb [......]
Gold:   0          SH: 13    Dex: 14    Spells: 0 memorised, 5 levels left

rFire  . . .     SeeInvis .     s - +2 morningstar (protect)
rCold  . . .     Gourm    +     a - +0 robe
rNeg   . . .     Faith    .     b - +0 shield
rPois  .         Spirit   .     (helmet restricted)
rElec  .         Dismiss  .     (no cloak)
rCorr  .         Reflect  .     (gloves unavailable)
SustAt .         Harm     .     (boots unavailable)
MR     .....     NoTele   +     (no amulet)
Stlth  +.........               q - +3 ring of dexterity
                                p - +2 ring of protection

@: not resistant to hostile enchantments, very unstealthy
A: unfitting armour, claws 3, fast metabolism 3, gourmand, regeneration 2,
shaggy fur 1, tough skin 2
a: Renounce Religion


You were in the Dungeon.
You worshipped Makhleb.
Makhleb was noncommittal.
You were full.

You visited 1 branch


Innate Abilities, Weirdness & Mutations

You are too large for most types of armour.
You have claws for hands.
Your metabolism is lightning-fast.
You like to eat raw meat.
You heal very quickly.
You are covered in fur (AC +1).
You have very tough skin (AC +2).


   Skills:
 - Level 2.4 Fighting
 - Level 2.4 Dodging
 + Level 12.5 Shields
 - Level 2.0 Unarmed Combat


You had 5 spell levels left.
You didn't know any spells.

Inventory:

Hand Weapons
 s - a +2 morningstar of protection (weapon)
Armour
 a - a +0 robe (worn)
 b - a +0 shield (worn)
Jewellery
 p - a +2 ring of protection (left claw)
 q - a +3 ring of dexterity (right claw)
Wands
 o - a wand of acid (6/15)
Scrolls
 j - 2 scrolls of blinking
 l - 3 scrolls of remove curse
 m - 2 scrolls of amnesia
Potions
 c - a potion of might
 e - 5 potions of curing
 f - 3 potions of heal wounds
 g - a potion of haste
 h - 4 potions of magic
 i - a potion of berserk rage {!q}
 k - a potion of invisibility
Comestibles
 d - 2 bread rations


Message History

The hill giant is lightly wounded.
The bolt of acid hits the orc warrior.
The orc warrior is lightly wounded.
This wand has 6 charges left.
You block the hill giant's attack.
You puncture the hill giant!
The hill giant is almost dead.
You block the hill giant's attack.
You bludgeon the hill giant!!
You kill the hill giant!
Makhleb accepts your kill.
Your Shields skill gained 6 levels and is now at level 12!
You have reached level 4!
You have reached level 5!
You have reached level 6!
Your experience leads to an increase in your attributes!
Your base attributes are Str 24, Int 4, Dex 10.
Increase (S)trength, (I)ntelligence, or (D)exterity?
You feel agile.
You feel stronger.
You barely miss the hill giant.
The hill giant is lightly wounded.
The hill giant hits you with a giant club!!
You die... ######################## ___c__c....cJ.oC@.)...<# ########################

You could see a hill giant, an orc warrior, a centaur and a jelly.

Vanquished Creatures
  A hill giant (D)
  A worker ant (D)
  A gnoll (D)
  An ooze (D)
  A giant gecko (D)
  A bat (D)
  2 giant cockroaches (D)
  A hobgoblin (D)
  A giant newt (D)
  A kobold (D)
11 creatures vanquished.

Notes
Turn   | Place    | Note
--------------------------------------------------------------
     0 | D        | Homage the Troll Fighter began the quest for the Orb.
     0 | D        | Reached XP level 1. HP: 22/22 MP: 0/0
     4 | D        | Reached skill level 3 in Shields
    17 | D        | Reached skill level 4 in Shields
    36 | D        | Noticed a worker ant
    37 | D        | Reached XP level 2. HP: 29/29 MP: 1/1
    45 | D        | Reached skill level 5 in Shields
    57 | D        | Reached skill level 6 in Shields
    57 | D        | Reached XP level 3. HP: 24/36 MP: 2/2
   108 | D        | Found a glowing silver altar of Zin.
   108 | D        | Found a glowing golden altar of the Shining One.
   108 | D        | Found an ancient bone altar of Kikubaaqudgha.
   108 | D        | Found a basalt altar of Yredelemnul.
   108 | D        | Found a shimmering altar of Xom.
   108 | D        | Found a radiant altar of Vehumet.
   109 | D        | Found an iron altar of Okawaru.
   110 | D        | Found a burning altar of Makhleb.
   111 | D        | Found a deep blue altar of Sif Muna.
   114 | D        | Found a bloodstained altar of Trog.
   115 | D        | Found a sparkling altar of Nemelex Xobeh.
   116 | D        | Found a white marble altar of Elyvilon.
   117 | D        | Found a roughly hewn altar of Beogh.
   118 | D        | Found a viscous altar of Jiyva.
   119 | D        | Found a corrupted altar of Lugonu.
   120 | D        | Became a worshipper of Makhleb the Destroyer
   121 | D        | Found a blossoming altar of Fedhas.
   122 | D        | Found a snail-covered altar of Cheibriados.
   123 | D        | Found a shadowy altar of Dithmenos.
   124 | D        | Found a stormy altar of Qazlal.
   125 | D        | Found an opulent altar of Gozag.
   126 | D        | Found a sacrificial altar of Ru.
   127 | D        | Found an oddly glowing altar of Pakellas.
   173 | D        | Noticed a hill giant
   173 | D        | Noticed a centaur
   173 | D        | Noticed a hill giant
   173 | D        | Noticed an orc warrior
   216 | D        | HP: 4/36 [hill giant/giant club (24)]
   228 | D        | Killed a hill giant
   228 | D        | Reached skill level 12 in Shields
   228 | D        | Reached XP level 4. HP: 12/44 MP: 3/3
   228 | D        | Reached XP level 5. HP: 14/50 MP: 4/4
   228 | D        | Reached XP level 6. HP: 17/59 MP: 5/5
   229 | D        | Slain by a hill giant

Vault maps used:
D:        linesprint

Action                   |  1- 3 |  4- 6 || total
-------------------------+-------+-------++-------
Melee: Unarmed           |    30 |       ||    30
       Morningstar       |    10 |     1 ||    11
Evoke: Wand              |     1 |       ||     1
  Eat: Chunk             |     4 |       ||     4
Armor: Robe              |     3 |       ||     3
Dodge: Dodged            |    10 |       ||    10
Block: Shield            |    15 |       ||    15
